 Dungeon Crawl Stone Soup version 0.29-a0-330-g52719c12eb (webtiles) character file.

Game seed: 3333701297663883859

120 kae the Firebug (level 5, 0/33 HPs)
             Began as an Octopode Fire Elementalist on Apr 18, 2022.
             Slain by an ogre
             ... wielding a +0 giant spiked club
              (8 damage)
             ... on level 4 of the Dungeon.
             The game lasted 00:01:40 (3600 turns).

kae the Firebug (Octopode Fire Elementalist)        Turns: 3600, Time: 00:01:41

Health: 0/33       AC:  1    Str:  7    XL:     5   Next: 4%
Magic:  0/8        EV: 13    Int: 19    God:
Gold:   241        SH:  0    Dex: 13    Spells: 5/8 levels left

rFire   . . .      SeeInvis .   f - +1 hand axe
rCold   . . .      Faith    .   (no shield)
rNeg    . . .      Spirit   .   (helmet restricted)
rPois   .          Reflect  .   (no amulet)
rElec   .          Harm     .   l - ring of wizardry
rCorr   .          Rampage  .   (no ring)
Will    .....                   (no ring)
Stlth   +++.......              (no ring)
HPRegen 0.11/turn               (no ring)
MPRegen 0.11/turn               (no ring)
                                (no ring)
                                (no ring)

@: very slightly contaminated
A: almost no armour, amphibious, 8 rings, camouflage 1, gelatinous body 1,
(nimble swimmer 1), tentacles
a: no special abilities


You were on level 4 of the Dungeon.
You visited 1 branch of the dungeon, and saw 4 of its levels.

You collected 241 gold pieces.

Inventory:

Hand Weapons
 c - a +0 club
 f - a +1 hand axe (weapon)
Jewellery
 b - a ring of resist corrosion
 l - a ring of wizardry (left tentacle)
 n - an amulet of faith
Scrolls
 k - a scroll of fog
Potions
 a - a potion of magic
 d - a potion of invisibility
 g - a potion of flight
 h - a potion of heal wounds
 i - a potion of haste
 j - a potion of attraction
 o - 2 potions of resistance {unknown}


   Skills:
 + Level 1.4 Fighting
 + Level 2.6 Dodging
 + Level 3.5 Stealth
 + Level 2.4 Spellcasting
 + Level 1.8 Conjurations
 * Level 3.9 Fire Magic


You had 5 spell levels left.
You knew the following spells:

 Your Spells              Type           Power      Damage    Failure   Level
a - Foxfire               Conj/Fire      52%        2x1d6     1%          1
b - Scorch                Fire           34%        2d7       1%          2

Your spell library contained the following spells:

 Spells                   Type           Power      Damage    Failure   Level
 Magic Dart               Conj           36%        1d4       3%          1
 Conjure Flame            Conj/Fire      13%        6-21      6%          3
 Inner Flame              Hex/Fire       9%         N/A       9%          3
 Call Imp                 Summ           2%         N/A       10%         2
 Ensorcelled Hibernation  Hex/Ice        4%         N/A       10%         2
 Mephitic Cloud           Conj/Pois/Air  4%         N/A       16%         3
 Spider Form              Tmut/Pois      2%         N/A       19%         3
 Flame Wave               Conj/Fire      13%        2d6       19%         4
 Anguish                  Hex/Necr       1%         N/A       52%         4


Dungeon Overview and Level Annotations

Branches:
Dungeon (4/15)
 Temple: D:4-7

Altars:

Annotations:
D:3 3 runed translucent doors, kae's ghost, weakling OpFE


Innate Abilities, Weirdness & Mutations

You cannot wear most types of armour.
You are amphibious.
You can wear up to eight rings at the same time.
Your skin changes colour to match your surroundings (Stealth+).
Your rubbery body absorbs attacks. (AC +1, EV +1)
((You are camouflaged when in or above water. (Stealth+)))
You have tentacles for arms and can constrict up to eight enemies at once.


Message History

You have reached level 5!
You feel agile.
Your foxfire dissipates!
The foxfire hits the ogre.
The ogre is lightly wounded.
There is a stone staircase leading up here.
Casting: Foxfire (safe; 1% risk of failure)
Confirm with . or Enter, or press ? or * to list all spells.
You conjure some foxfire!
The foxfire hits the ogre.
The ogre is lightly wounded.
The foxfire hits the ogre.
The ogre is moderately wounded.
Casting: Foxfire (safe; 1% risk of failure)
Confirm with . or Enter, or press ? or * to list all spells.
You conjure some foxfire!
The foxfire hits the ogre.
The ogre is moderately wounded.
The foxfire hits the ogre.
The ogre is heavily wounded.
Casting: Foxfire (safe; 1% risk of failure)
Confirm with . or Enter, or press ? or * to list all spells.
Flames lash the ogre.
The ogre is severely wounded.
The ogre's fire resistance burns away.
The ogre barely misses you.
Casting: Scorch (safe; 1% risk of failure)
Confirm with . or Enter, or press ? or * to list all spells.
You miscast Scorch.
You are very lightly contaminated with residual magic.
Nothing appears to happen.
The ogre hits you with a +0 giant spiked club!!
Ouch! That really hurt!
* * * LOW HITPOINT WARNING * * *
You hit the ogre. You squeeze the ogre, but do no damage.
The ogre is severely wounded.
The ogre misses you.
Okay, then.
You closely miss the ogre.
The ogre is severely wounded.
The ogre hits you with a +0 giant spiked club!
You die...

#.##
##...######.....
#..##
#......).......
#...##
########.......
##...###
####....
##....### ^...
###....### ..##
##.....#######
..#
#.<..........
.##
##...@....... .#
#...O...####
#......##
#......#
##......##
#........##
#...........
#...........
#............


You could see an ogre (combustible).

Vanquished Creatures
  Jessica (D:2)
  Robin (D:1)
  An adder (D:4)
  A dart slug (D:1)
  An orc (D:4)
  6 bats
  6 endoplasms
  A giant cockroach (D:1)
  11 goblins
  6 hobgoblins
  3 jackals (D:3)
  3 kobolds
  5 quokkas
  7 ball pythons
  4 frilled lizards
  7 rats
64 creatures vanquished.

Vanquished Creatures (others)
  152 foxfires
152 creatures vanquished.

Grand Total: 216 creatures vanquished

Notes
Turn   | Place    | Note
-------+----------+-------------------------------------------
     0 | D:1      | kae the Octopode Fire Elementalist began the quest for the
                  | Orb.
     0 | D:1      | Reached XP level 1. HP: 11/11 MP: 3/3
   163 | D:1      | Reached XP level 2. HP: 18/18 MP: 3/5
   686 | D:1      | Reached XP level 3. HP: 22/22 MP: 4/6
   689 | D:1      | Learned a level 2 spell: Scorch
   981 | D:2      | Noticed Robin
  1504 | D:1      | Killed Robin
  1505 | D:1      | Reached skill level 1 in Fighting
  1515 | D:1      | Reached XP level 4. HP: 7/28 MP: 2/7
  1777 | D:2      | You fall into a shaft and drop 1 floor!
  1894 | D:2      | Noticed Jessica
  1898 | D:2      | Killed Jessica
  2094 | D:2      | Found a faded altar of an unknown god.
  2735 | D:3      | Found a runed translucent gate.
  2736 | D:3      | Found a runed translucent gate.
  2738 | D:3      | Found a runed translucent gate.
  2739 | D:3      | Noticed kae's ghost (weakling OpFE)
  3284 | D:3      | Identified the +3 hunting sling "Mimo" {venom, rF+ SInv}
  3294 | D:3      | Identified the +5 ring mail "Helluul" {rN+}
  3577 | D:4      | Noticed an ogre
  3582 | D:4      | Reached XP level 5. HP: 33/33 MP: 4/8
  3600 | D:4      | Slain by an ogre

Illustrated notes

Levels and vault maps discovered:
D:1:      minmay_arrival_stair_chambers, layout_rooms, columned_hall_lemuel
D:2:      layout_loops_ring, shapermc_ecumenical_altar_starsandcircs,
          uniq_robin, uniq_jessica
D:3:      layout_loops_ring, gammafunk_ghost_split
D:4:      layout_layer_cave, minmay_misc_feat_tower, serial_bayou_lagoon_a,
          uniq_grinder

Skill      XL: |  1  2  3 |
---------------+----------+-----
Stealth        | 3 |  3.5
Fighting       | 1 |  1.4
Dodging        | |  2.6
Spellcasting   | |  2.4
Conjurations   | |  1.8
Fire Magic     | |  3.9

Action                   |  1- 3 |  4- 6 || total
-------------------------+-------+-------++-------
Melee: Hand axe          |    23 |    19 ||    42
       Constrict         |     3 |     2 ||     5
       Tentacles         |     3 |     2 ||     5
 Cast: Foxfire           |    42 |    53 ||    95
       Scorch            |       |     1 ||     1
  Use: Scroll            |       |    10 ||    10
 Stab: Sleeping          |       |     1 ||     1
Armor: Skin              |     2 |     3 ||     5
Dodge: Dodged            |    41 |    17 ||    58

Table legend: (Time is in decaauts)
 A = Elapsed time spent in this place.
 B = Non-inter-level travel time spent in this place.
 C = Inter-level travel time spent in this place.
 D = Time resting spent in this place.
 E = Time spent auto-exploring this place.
 F = Levels seen in this place.
 G = Mean time per level.
                   A        B        C        D        E       F      G
               +--------+--------+--------+--------+--------+-----+--------+
         Total |   3617 |   3513 |    104 |    480 |   2561 |   4 |  904.2 |
       Dungeon |   3617 |   3513 |    104 |    480 |   2561 |   4 |  904.2 |
               +--------+--------+--------+--------+--------+-----+--------+

Top non-repeatable levels by time:
     D:1: 1726 daAuts
     D:3: 1014 daAuts
     D:2: 695 daAuts
     D:4: 180 daAuts
